cohdb
Replays
Latest Replays
All Replays
Popular Replays
Top Player Replays
Match Explorer
How It Works
Community
CoH3 Stats
Reddit
Sign in to upload your games and track your stats! →
Sign in with Steam
Match 27210326
Unlisted
Match 27210326
Overview
Messages
Build Orders
End
Construct Infanterie Kompanie
Grenadier Squad
Selects Italian Coastal Battlegroup
Selects Coastal Reserves
Coastal Reserve
GrW 34 Mortar Team
Infanterie Officer Quarters
MG 42 Machine Gun Team
Selects Support Bunkers
Construct Panzergrenadier Kompanie
Pak 40 Anti-tank Gun Team
Sniper
Panzergrenadier Squad
Selects Artillery Officer
Panzergrenadier Squad
Panzergrenadier Officer Quarters
251 Medium Carrier
Selects Coastal Wall
Construct Panzer Kompanie
Pioneer Squad
Sturmpanzer IV Brummbär
Selects Rapid Fortifications
Selects Bulwark
Pioneer Squad
Artillery Officer
Sturmpanzer IV Brummbär
DanielD
Staunch Clapitalist
Kamfrenchie
Walletman Buntybags
Jesulin
Battlemeister
0
0
Comments
sign in to comment!
No comments posted yet!